 Dungeon Crawl Stone Soup version 0.27.1-1-g398f81649c (webtiles) character file.

Game seed: 15709731052698202199

142 Happyhead the Conjurer (level 5, -9/40 HPs)
             Began as a Draconian Conjurer on Sept 10, 2021.
             Killed from afar by an orc wizard (10 damage)
             ... with a magic dart
             ... on level 3 of the Dungeon.
             The game lasted 00:13:56 (2111 turns).

Happyhead the Conjurer (Draconian Conjurer)         Turns: 2111, Time: 00:13:56

Health: -9/40      AC:  6    Str: 10    XL:     5   Next: 3%
Magic:  1/8        EV: 12    Int: 18    God:
Gold:   177        SH:  0    Dex: 10    Spells: 6/9 levels left

rFire    . . .     SeeInvis .   a - +0 whip
rCold    . . .     Faith    .   (no shield)
rNeg     . . .     Spirit   .   (armour unavailable)
rPois    .         Reflect  .   (helmet restricted)
rElec    .         Harm     .   f - +0 cloak
rCorr    .         Rampage  .   (no gloves)
Will     .....                  (no boots)
Stlth    ++........             (no amulet)
HPRegen  0.13/turn              (no ring)
MPRegen  0.11/turn              (no ring)

@: very slightly contaminated, invisible
A: AC +5, unfitting armour, cold-blooded
a: no special abilities


You were on level 3 of the Dungeon.
You visited 1 branch of the dungeon, and saw 3 of its levels.

You collected 177 gold pieces.

Inventory:

Hand Weapons
 a - a +0 whip (weapon)
 d - a +1 vampiric dagger
 h - a +2 dagger of venom
Armour
 f - a +0 cloak (worn)
Scrolls
 b - a scroll of immolation {unknown}
 c - a scroll of identify
 i - a scroll of vulnerability {unknown}
Potions
 g - 2 potions of curing


   Skills:
 + Level 1.4 Fighting
 + Level 1.1 Maces & Flails
 + Level 2.1 Dodging
 + Level 2.1 Stealth
 + Level 0.2 Unarmed Combat
 + Level 2.5 Spellcasting
 + Level 5.3 Conjurations


You had 6 spell levels left.
You knew the following spells:

 Your Spells              Type           Power      Damage    Failure   Level
a - Magic Dart            Conj           84%        1d7       1%          1
b - Searing Ray           Conj           42%        3d4       3%          2

Your spell library contained the following spells:

 Spells                   Type           Power      Damage    Failure   Level
 Dazzling Flash           Conj/Hex       22%        N/A       17%         3
 Fulminant Prism          Conj/Hex       5%         3d7       50%         4
 Iskenderun's Mystic Bla  Conj/Tloc      11%        2d4       50%         4


Dungeon Overview and Level Annotations

Branches:
Dungeon (3/15)

Altars:


Innate Abilities, Weirdness & Mutations

Your plain brown scales are hard. (AC +5)
You cannot fit into any form of body armour.
You are cold-blooded and may be slowed by cold attacks.


Message History

You hear some strange, mumbled words.
A magic dart appears from out of thin air!
The magic dart hits you.
You bump into the rock wall.
Something hits you but does no damage.
You completely miss something. Something hits you but does no damage.
You bump into the rock wall.
You feel less confused. Something hits you.
You completely miss something. Something hits you. x2
You closely miss something. Something hits you but does no damage.
Casting: Searing Ray (safe; 3% risk of failure)
Confirm with . or Enter, or press ? or * to list all spells.
You can't see any susceptible monsters within range! (Use Z to cast anyway.)
Casting: Searing Ray (safe; 3% risk of failure)
Confirm with . or Enter, or press ? or * to list all spells.
Aiming: Searing Ray (safe; 3% risk of failure)
Press: ? - help, Shift-Dir - straight line (Press . to maintain the ray.)
Something hits you.
The searing ray hits something.
Something hits you but does no damage.
The searing ray hits something!
Something hits you.
* * * LOW HITPOINT WARNING * * *
You barely miss something. Something hits you but does no damage.
You hit something but do no damage. Something hits you.
* * * LOW HITPOINT WARNING * * *
You hit something but do no damage. Something hits you.
* * * LOW HITPOINT WARNING * * *
You barely miss something. Something hits you but does no damage.
Okay, then.
You fade into invisibility!
You hear some strange, mumbled words.
A puff of flame appears from out of thin air!
The puff of flame hits you!
* * * LOW HITPOINT WARNING * * *
You are very lightly contaminated with residual magic.
You barely miss something.
You hear some strange, mumbled words.
A magic dart appears from out of thin air!
The magic dart hits you!
You die...

.. #.. #. #..# #. #..# ..
#.#####>.# #.##..#....#### #.#
#.......... ############.# #...#
##.....##.....###...# ##
#..............>@...# #########.
..)............{########.........
.........................########
.........)..................)†###
....................#########....
....................# #####
................#####
#..............##
##.....##.....##


There were no monsters in sight!

Vanquished Creatures
  A scorpion (D:2)
  3 adders
  A worm (D:2)
  A dart slug (D:3)
  3 orcs (D:3)
  2 ball pythons
  2 endoplasms
  3 giant cockroaches
  6 goblins
  2 hobgoblins (D:1)
  4 jackals (D:3)
  4 kobolds
  A quokka (D:1)
  4 bats
  2 frilled lizards
  3 rats (D:1)
42 creatures vanquished.

Vanquished Creatures (others)
  A fungus (D:1)
  3 toadstools (D:1)
4 creatures vanquished.

Grand Total: 46 creatures vanquished

Notes
Turn   | Place    | Note
-------+----------+-------------------------------------------
     0 | D:1      | Happyhead the Draconian Conjurer began the quest for the
                  | Orb.
     0 | D:1      | Reached XP level 1. HP: 14/14 MP: 3/3
   200 | D:1      | You fall into a shaft and drop 1 floor!
   206 | D:1      | Found a faded altar of an unknown god.
   280 | D:1      | Reached XP level 2. HP: 18/20 MP: 5/5
   531 | D:1      | Learned a level 2 spell: Searing Ray
  1111 | D:2      | Noticed a scorpion
  1128 | D:2      | Killed a scorpion
  1129 | D:2      | Reached skill level 5 in Conjurations
  1129 | D:2      | Reached XP level 3. HP: 27/27 MP: 1/6
  1129 | D:2      | Reached XP level 4. HP: 34/34 MP: 1/7
  1792 | D:2      | Reached skill level 1 in Fighting
  1973 | D:3      | Reached skill level 1 in Maces & Flails
  2086 | D:3      | Reached XP level 5. HP: 23/40 MP: 2/8
  2110 | D:3      | HP: 1/40 [something/puff of flame (7)]
  2111 | D:3      | Killed from afar by an orc wizard

Illustrated notes

Levels and vault maps discovered:
D:1:      elethiomel_arrival_shortcut, layout_loops_ring,
          shapermc_ecumenical_altar_mp_ritualfount, minivault_19,
          minmay_gold_behind_fungi
D:2:      minmay_door_path, layout_rooms
D:3:      layout_rooms, mainiacjoe_overflow_boulevard

Skill      XL: |  1  2  3  4 |
---------------+-------------+-----
Dodging        | 2 |  2.1
Stealth        | 2 |  2.1
Conjurations   | 5 |  5.3
Fighting       | 1 |  1.4
Maces & Flails | 1 |  1.1
Unarmed Combat | |  0.2
Spellcasting   | |  2.5

Action                   |  1- 3 |  4- 6 || total
-------------------------+-------+-------++-------
Melee: Unarmed           |    12 |       ||    12
       Whip              |    33 |    35 ||    68
       Tailslap          |     7 |     3 ||    10
 Cast: Magic Dart        |    31 |    25 ||    56
       Searing Ray       |       |     4 ||     4
  Use: Scroll            |       |     3 ||     3
       Potion            |       |     1 ||     1
Armor: Skin              |    15 |    17 ||    32
Dodge: Dodged            |    28 |    27 ||    55
